 Dungeon Crawl Stone Soup version 0.30-a0-778-g2ef04afb54 (webtiles) character file.

Game seed: 10256214568556614620

78 sircluck the Trooper (level 4, -5/49 HPs)
             Began as an Ogre Cinder Acolyte on Feb 15, 2023.
             Was a High Priest of Ignis.
             Slain by Sigmund
             ... wielding a +0 scythe
              (16 damage)
             ... on level 2 of the Dungeon.
             The game lasted 00:02:40 (1524 turns).

sircluck the Trooper (Ogre Cinder Acolyte)          Turns: 1524, Time: 00:02:40

Health: -5/49      AC:  3    Str: 20    XL:     4   Next: 36%
Magic:  5/5        EV:  9    Int: 15    God:    Ignis [*****.]
Gold:   127        SH:  0    Dex:  4    Spells: 5/5 levels left

rFire   + . .      SeeInvis .    a - -1 mace (flame)
rCold   . . .      Faith    .    (no shield)
rNeg    . . .      Spirit   .    b - +0 robe
rPois   .          Reflect  .    (helmet restricted)
rElec   .          Harm     .    (no cloak)
rCorr   .          Rampage  .    (gloves unavailable)
Will    .....                    (boots unavailable)
Stlth   +                        (no amulet)
HPRegen 0.28/turn                (no ring)
MPRegen 0.09/turn                (no ring)

@: confused
A: large, unfitting armour, tough skin 1
a: Renounce Religion, Fiery Armour, Foxfire Swarm, Rising Flame


You were on level 2 of the Dungeon.
You worshipped Ignis.
Ignis was extremely pleased with you.
You visited 1 branch of the dungeon, and saw 2 of its levels.

You collected 127 gold pieces.

Inventory:

Hand Weapons
 a - a -1 mace of flaming (weapon)
 c - a +0 whip
 e - a +0 dagger
 n - a +0 hammer
Missiles
 h - 2 datura-tipped darts
 j - 2 boomerangs (quivered)
Armour
 b - a +0 robe (worn)
Scrolls
 d - a scroll of amnesia {unknown}
 f - 4 scrolls of identify {unknown}
 g - 2 scrolls of summoning {unknown}
 k - a scroll of blinking {unknown}
 l - a scroll of immolation {unknown}
 m - a scroll of enchant weapon {unknown}
Potions
 i - a potion of invisibility {unknown}


   Skills:
 + Level 4.9 Fighting
 + Level 3.3 Maces & Flails
 + Level 0.9 Throwing
 + Level 0.9 Dodging
 + Level 0.2 Stealth
 + Level 1.2 Spellcasting
 + Level 3.0 Fire Magic


You had 5 spell levels left.
You didn't know any spells.
Your spell library contained the following spells:

 Spells                   Type           Power      Damage    Failure   Level
 Scorch                   Fire           20%        2d6       11%         2


Dungeon Overview and Level Annotations

Branches:
Dungeon (2/15)

Altars:

Annotations:
D:2 1 runed translucent door, Crazy Yiuf, Sigmund


Innate Abilities, Weirdness & Mutations

You are too large for most types of armour.
You have tough skin. (AC +1)


Message History

The hobgoblin barely misses you.
You barely miss the hobgoblin. The hobgoblin hits you.
You barely miss the hobgoblin. The hobgoblin barely misses you.
Sigmund the Dreaded comes into view.
He is wielding a +0 scythe and carrying a wand of flame (22).
The hobgoblin hits you.
Sigmund shouts!
You sock the hobgoblin! You burn the hobgoblin.
You kill the hobgoblin!
The quokka bites you. The quokka barely misses you.
Sigmund drinks a potion.
Sigmund seems to grow stronger.
You barely miss the quokka. The quokka bites you.
Sigmund flickers, as though insubstantial.
Sigmund barely misses you.
You hit the quokka. You burn the quokka.
You kill the quokka!
Sigmund zaps a wand.
The puff of flame hits you. You resist.
Sigmund points at you and mumbles some strange words.
You are confused.
You see here an adder corpse.
You are too confused!
You are too confused!
You are too confused!
You are too confused!
Sigmund attacks as you move away! Sigmund completely misses you.
You're too confused to move!
Sigmund casts a spell at you.
You are more confused.
Sigmund hits you with a +0 scythe!
You see here an adder corpse.
You miss Sigmund. Your punch misses Sigmund. Sigmund hits you with a +0 scythe!
Sigmund barely misses you.
You bump into the rock wall.
You bump into the rock wall.
Sigmund gestures at you while chanting. The puff of flame hits you. You resist.
Sigmund hits you with a +0 scythe!
* * * LOW HITPOINT WARNING * * *
You see here an adder corpse.
You bump into the rock wall.
Sigmund hits you with a +0 scythe!
You die...

## ###.
##.####.....
...#....@..#
........@#### .#
....#####.# ## .#
....#####.####.#.#
#................
#..#####).####...
#.## #.# #.#
##.########## #.#
#..†......... #.#
#..##########


You could see Sigmund (strong).

Vanquished Creatures
  4 adders (D:2)
  5 bats
  5 endoplasms
  4 giant cockroaches
  6 goblins
  5 hobgoblins
  A quokka (D:2)
  3 ball pythons
  3 frilled lizards
  3 kobolds
  2 rats (D:2)
41 creatures vanquished.

Notes
Turn   | Place    | Note
-------+----------+-------------------------------------------
     0 | D:1      | sircluck the Ogre Cinder Acolyte began the quest for the
                  | Orb.
     0 | D:1      | Reached XP level 1. HP: 24/24 MP: 2/2
    71 | D:1      | Reached XP level 2. HP: 19/33 MP: 3/3
   975 | D:2      | Reached XP level 3. HP: 40/40 MP: 4/4
  1189 | D:2      | Reached XP level 4. HP: 39/49 MP: 5/5
  1387 | D:2      | Found a runed translucent door.
  1388 | D:2      | Noticed Crazy Yiuf
  1511 | D:2      | Noticed Sigmund
  1524 | D:2      | Slain by Sigmund

Illustrated notes

Levels and vault maps discovered:
D:1:      dpeg_arrival_pits, layout_basic, minmay_misc_feat_pillars,
          corexii_hall_statues_x, grunt_decor_arrowhead
D:2:      layout_loops_ring, uniq_sigmund, uniq_crazy_yiuf_cottage

Skill      XL: |  1  2 |
---------------+-------+-----
Maces & Flails | 3 |  3.3
Fire Magic     | 3 |  3.0
Fighting       | |  4.9
Throwing       | |  0.9
Dodging        | |  0.9
Stealth        | |  0.2
Spellcasting   | |  1.2

Action                     |  1- 3 |  4- 6 || total
---------------------------+-------+-------++-------
  Melee: Mace              |   100 |    21 ||   121
  Throw: Stone             |    17 |       ||    17
         Boomerang         |    16 |       ||    16
         Dart              |     2 |       ||     2
 Armour: Robe              |    67 |     5 ||    72
  Dodge: Dodged            |    70 |    12 ||    82

Table legend: (Time is in decaauts)
 A = Elapsed time spent in this place.
 B = Non-inter-level travel time spent in this place.
 C = Inter-level travel time spent in this place.
 D = Time resting spent in this place.
 E = Time spent auto-exploring this place.
 F = Levels seen in this place.
 G = Mean time per level.
                   A        B        C        D        E       F      G
               +--------+--------+--------+--------+--------+-----+--------+
         Total |   1560 |   1501 |     59 |      0 |   1164 |   2 |  780.0 |
       Dungeon |   1560 |   1501 |     59 |      0 |   1164 |   2 |  780.0 |
               +--------+--------+--------+--------+--------+-----+--------+

Top non-repeatable levels by time:
     D:1: 937 daAuts
     D:2: 622 daAuts
